 Dungeon Crawl Stone Soup version 0.31-a0-177-g4aa6249778 (webtiles) character file.

Game seed: 18028823135194544582

12 TittyCrusher the Shield-Bearer (level 2, -9/21 HPs)
             Began as an Octopode Fighter on June 18, 2023.
             Mangled by a kobold
             ... wielding a +0 whip of distortion
              (11 damage)
             ... on level 1 of the Dungeon.
             The game lasted 00:00:26 (294 turns).

TittyCrusher the Shield-Bearer (Octopode Fighter)    Turns: 294, Time: 00:00:27

Health: -9/21      AC:  1    Str: 15    XL:     2   Next: 33%
Magic:  2/2        EV: 13    Int: 10    God:
Gold:   16         SH:  4    Dex: 11    Spells: 1/1 levels left

rFire   . .          .
                       - Unarmed
rCold   . . .        a - +0 buckler
rNeg    . . .        (helmet restricted)
rPois   .            (no amulet)
rElec   .            (no ring)
rCorr   .            (no ring)
SInv    .            (no ring)
Will    .....        (no ring)
Stlth   ++           (no ring)
HPRegen 0.23/turn    (no ring)
MPRegen 0.08/turn    (no ring)
                     (no ring)

%: no passive effects
@: no status effects
A: almost no armour, amphibious, 8 rings, camouflage 1, gelatinous body 1,
(nimble swimmer 1), tentacles
a: no special abilities


You were on level 1 of the Dungeon.
You visited 1 branch of the dungeon, and saw 1 of its levels.

You collected 16 gold pieces.

Inventory:

Armour
 a - a +0 buckler (worn)
Jewellery
 e - an amulet of guardian spirit
Scrolls
 d - a scroll of blinking {unknown}
Potions
 b - a potion of might
 c - a potion of heal wounds {unknown}


   Skills:
 - Level 3.0 Fighting
 - Level 3.0 Dodging
 - Level 3.0 Shields
 + Level 2.9 Unarmed Combat


You had one spell level left.
You didn't know any spells.
Your spell library was empty.

Dungeon Overview and Level Annotations

Branches:
Dungeon (1/15)

Altars:


Innate Abilities, Weirdness & Mutations

You cannot wear most types of armour.
You are amphibious.
You can wear up to eight rings at the same time.
Your skin changes colour to match your surroundings (Stealth+).
Your rubbery body absorbs attacks. (AC +1, EV +1)
((You are camouflaged when in or above water. (Stealth+)))
You have tentacles for arms and can constrict up to eight enemies at once.


Message History

A rat is nearby!
There is an open door here.
You tentacle-slap the rat.
You kill the rat!
No target in view!
You open the door.
There is an open door here.
d - a scroll labelled QEACVA LOTHROCK
e - an amulet of guardian spirit A dart slug comes into view.
Found a stone staircase leading down.
A dart slug is nearby!
The dart slug misses you.
You tentacle-slap the dart slug but do no damage.
You grab the dart slug. You squeeze the dart slug.
The dart slug is lightly wounded.
You constrict the dart slug. The dart slug misses you.
You tentacle-slap the dart slug. You squeeze the dart slug.
You kill the dart slug!
No target in view!
There is a stone staircase leading down here.
You open the door.
There is an open door here.
A kobold comes into view. It is wielding a +0 whip of distortion.
Found 6 stones.
The kobold shouts!
You barely miss the kobold. Your grab misses the kobold.
The kobold hits you with a +0 whip of distortion.
Space warps around you.
You barely miss the kobold. Your grab misses the kobold.
The kobold hits you with a +0 whip of distortion.
You are too injured to fight recklessly!
You are too injured to fight recklessly!
You barely miss the kobold. Your grab misses the kobold.
Your squeeze misses the kobold.
The kobold hits you with a +0 whip of distortion.
* * * LOW HITPOINT WARNING * * *
Space warps horribly around you!
Ouch! That really hurt!
You die...

####### #.....# #
#.....# # #.....#
# #.....# #
#..K..# # #..@..#
# #######....(# #
............#
#####
########.#####
#.... .........#
###.... ######..#
#.'.... #..#
#.#.... # #..#
#.#####
#.########..######
#.#


You could see a kobold.

Vanquished Creatures
  A dart slug (D:1)
  An endoplasm (D:1)
  2 goblins (D:1)
  2 quokkas (D:1)
  2 bats (D:1)
  A frilled lizard (D:1)
  A rat (D:1)
10 creatures vanquished.

Notes
Turn   | Place    | Note
-------+----------+-------------------------------------------
     0 | D:1      | TittyCrusher the Octopode Fighter began the quest for the
                  | Orb.
     0 | D:1      | Reached XP level 1. HP: 16/16 MP: 1/1
   118 | D:1      | Reached XP level 2. HP: 13/21 MP: 2/2
   294 | D:1      | Mangled by a kobold

Illustrated notes

Levels and vault maps discovered:
D:1:      shiori_shiawase, layout_basic

Action                     || total
---------------------------++-------
  Melee: Unarmed           ||    24
         Tentacles         ||     6
         Constrict         ||     5
         Punch             ||     1
 Armour: Skin              ||     2
  Dodge: Dodged            ||    13
  Block: Buckler           ||     4

Table legend: (Time is in decaauts)
 A = Elapsed time spent in this place.
 B = Non-inter-level travel time spent in this place.
 C = Inter-level travel time spent in this place.
 D = Time resting spent in this place.
 E = Time spent auto-exploring this place.
 F = Levels seen in this place.
 G = Mean time per level.
                   A        B        C        D        E       F      G
               +--------+--------+--------+--------+--------+-----+--------+
         Total |    294 |    294 |      0 |      0 |    222 |   1 |  294.0 |
       Dungeon |    294 |    294 |      0 |      0 |    222 |   1 |  294.0 |
               +--------+--------+--------+--------+--------+-----+--------+

Top non-repeatable levels by time:
     D:1: 294 daAuts
